| TOP OF THE 1ST |
|
West Virginia Power batting - Pitching for Fort Wayne TinCaps : LHP David Rodriguez
|
|
Pitching: LHP David Rodriguez
|
|
|
Batting: RHB Melvin Durland
|
0-0: Swinging Strike 0-1: Called Strike 0-2: Foul Ball, location: 2F 0-2: Strikes out looking
|
|
Batting: RHB Chris McCoy
|
0-0: Ball 1-0: Ball 2-0: Foul Ball, location: 2F 2-1: Called Strike 2-2: Ball 3-2: Base on Balls
|
|
Batting: RHB Alain Marquet
|
0-0: Called Strike Chris McCoy steals 2nd base 0-1: Foul Ball, location: 2F 0-2: SINGLE (Flyball, 5D, EV 89.4 MPH) Chris McCoy to third
|
|
Batting: RHB Dave Fredericks
|
0-0: Ball 1-0: Ball 2-0: Foul Ball, location: 2F 2-1: Called Strike 2-2: Ball 3-2: Base on Balls Alain Marquet to second
|
|
Batting: LHB Joe Wise
|
0-0: Swinging Strike 0-1: Foul Ball, location: 2F 0-2: Ground out 6-3 (Groundball, P, EV 80.0 MPH) Chris McCoy scores Alain Marquet to third Dave Fredericks to second
|
|
Batting: RHB Perry Dominey
|
0-0: Ball 1-0: Foul Ball, location: 2F 1-1: Swinging Strike 1-2: Strikes out swinging
|
| Top of the 1st over - 1 run, 1 hit, 0 errors, 2 left on base; West Virginia 1 - Fort Wayne 0 |
| BOTTOM OF THE 1ST |
|
Fort Wayne TinCaps batting - Pitching for West Virginia Power : RHP Fred McIlrath
|
|
Pitching: RHP Fred McIlrath
|
|
|
Batting: LHB Tony Contreras
|
0-0: Ball 1-0: Called Strike 1-1: Ball 2-1: Foul Ball, location: 2F 2-2: Ball 3-2: Base on Balls
|
|
Batting: RHB Marcus Dawson
|
0-0: Called Strike Tony Contreras steals 2nd base 0-1: Ball 1-1: DOUBLE (Groundball, 5L, EV 106.9 MPH) Tony Contreras scores
|
|
Batting: LHB Chad Cutler
|
0-0: Called Strike 0-1: Ball 1-1: Fly out, F7 (Line Drive, 7, EV 99.4 MPH)
|
|
Batting: RHB Dave Cordero
|
0-0: Ball Marcus Dawson steals 3rd base 1-0: Called Strike 1-1: Called Strike 1-2: Foul Ball, location: 2F 1-2: Foul Ball, location: 2F 1-2: Foul Ball, location: 2F 1-2: Ball 2-2: Strikes out swinging
|
|
Batting: LHB Sean Trueblood
|
0-0: Fly out, F8 (Flyball, 8RS, EV 81.2 MPH)
|
| Bottom of the 1st over - 1 run, 1 hit, 0 errors, 1 left on base; West Virginia 1 - Fort Wayne 1 |
| TOP OF THE 2ND |
|
West Virginia Power batting - Pitching for Fort Wayne TinCaps : LHP David Rodriguez
|
|
Batting: LHB Donald Imre
|
0-0: Swinging Strike 0-1: Swinging Strike 0-2: Ball 1-2: Hit by Pitch
|
|
Batting: RHB John Goynes
|
0-0: Ball 1-0: Ball 2-0: Swinging Strike 2-1: Grounds into double play, 6-4-3 (Groundball, 6, EV 93.1 MPH)
|
|
Batting: LHB Brandon Sarni
|
0-0: Called Strike 0-1: Ball 1-1: Foul Ball, location: 2F 1-2: Foul Ball, location: 2F 1-2: Strikes out swinging
|
| Top of the 2nd over - 0 runs, 0 hits, 0 errors, 0 left on base; West Virginia 1 - Fort Wayne 1 |
| BOTTOM OF THE 2ND |
|
Fort Wayne TinCaps batting - Pitching for West Virginia Power : RHP Fred McIlrath
|
|
Batting: LHB Justin Alworth
|
0-0: Ball 1-0: Ball 2-0: Foul Ball, location: 2F 2-1: SINGLE (Flyball, 8LS, EV 91.2 MPH)
|
|
Batting: LHB Javy Portela
|
0-0: Called Strike 0-1: Foul Ball, location: 2F 0-2: Strikes out swinging
|
|
Batting: RHB Brian Klinkner
|
0-0: Foul Ball, location: 2F 0-1: Called Strike 0-2: Strikes out swinging
|
|
Batting: RHB Ricky Trejo
|
0-0: Foul Ball, location: 2F 0-1: SINGLE (Groundball, 56S, EV 81.2 MPH) (infield hit) Justin Alworth to second
|
|
Batting: LHB Tony Contreras
|
0-0: Called Strike 0-1: Called Strike 0-2: Ground out U3 (Groundball, 3, EV 86.2 MPH)
|
| Bottom of the 2nd over - 0 runs, 2 hits, 0 errors, 2 left on base; West Virginia 1 - Fort Wayne 1 |
| TOP OF THE 3RD |
|
West Virginia Power batting - Pitching for Fort Wayne TinCaps : LHP David Rodriguez
|
|
Batting: RHB Melvin Durland
|
0-0: Ball 1-0: Ball 2-0: Called Strike 2-1: Ball 3-1: Base on Balls
|
|
Batting: RHB Chris McCoy
|
0-0: Called Strike 0-1: Fielders Choice at 2nd, 4-6 (Groundball, 4, EV 85.6 MPH)
|
|
Batting: RHB Alain Marquet
|
0-0: Ball 1-0: Fly out, F9 (Flyball, 9S, EV 83.8 MPH)
|
|
Batting: RHB Dave Fredericks
|
0-0: Swinging Strike Chris McCoy steals 2nd base 0-1: Ball 1-1: Ball 2-1: 2-RUN HOME RUN (Flyball, 7LD, EV 101.2 MPH), Distance : 384 ft
|
|
Batting: LHB Joe Wise
|
0-0: Ground out 5-3 (Groundball, 5D, EV 86.2 MPH)
|
| Top of the 3rd over - 2 runs, 1 hit, 0 errors, 0 left on base; West Virginia 3 - Fort Wayne 1 |
| BOTTOM OF THE 3RD |
|
Fort Wayne TinCaps batting - Pitching for West Virginia Power : RHP Fred McIlrath
|
|
Batting: RHB Marcus Dawson
|
0-0: Called Strike 0-1: Ball 1-1: Called Strike 1-2: Foul Ball, location: 2F 1-2: Foul Ball, location: 2F 1-2: Ground out 4-3 (Groundball, 34D, EV 85.0 MPH)
|
|
Batting: LHB Chad Cutler
|
0-0: Called Strike 0-1: Swinging Strike 0-2: Ball 1-2: Strikes out looking
|
|
Batting: RHB Dave Cordero
|
0-0: Foul Ball, location: 2F 0-1: Called Strike 0-2: Strikes out looking
|
| Bottom of the 3rd over - 0 runs, 0 hits, 0 errors, 0 left on base; West Virginia 3 - Fort Wayne 1 |
| TOP OF THE 4TH |
|
West Virginia Power batting - Pitching for Fort Wayne TinCaps : LHP David Rodriguez
|
|
Batting: RHB Perry Dominey
|
0-0: Ball 1-0: Called Strike 1-1: Called Strike 1-2: SINGLE (Groundball, P, EV 79.4 MPH) (infield hit)
|
|
Batting: LHB Donald Imre
|
0-0: Called Strike 0-1: Called Strike 0-2: Foul Ball, location: 2F 0-2: Ball 1-2: Foul Ball, location: 2F 1-2: Ball 2-2: Fly out, F9 (Flyball, 9LD, EV 92.5 MPH)
|
|
Batting: RHB John Goynes
|
0-0: Ball 1-0: Swinging Strike 1-1: Swinging Strike 1-2: Strikes out looking
|
|
Batting: LHB Brandon Sarni
|
0-0: Ball 1-0: Foul Ball, location: 2F 1-1: Ball 2-1: Swinging Strike 2-2: Foul Ball, location: 2F 2-2: Ground out 4-3 (Groundball, 4, EV 82.5 MPH)
|
| Top of the 4th over - 0 runs, 1 hit, 0 errors, 1 left on base; West Virginia 3 - Fort Wayne 1 |
| BOTTOM OF THE 4TH |
|
Fort Wayne TinCaps batting - Pitching for West Virginia Power : RHP Fred McIlrath
|
|
Batting: LHB Sean Trueblood
|
0-0: Called Strike 0-1: Called Strike 0-2: Strikes out looking
|
|
Batting: LHB Justin Alworth
|
0-0: Ball 1-0: Called Strike 1-1: Called Strike 1-2: Ground out 4-3 (Groundball, 4, EV 81.9 MPH)
|
|
Batting: LHB Javy Portela
|
0-0: Ball 1-0: Swinging Strike 1-1: Swinging Strike 1-2: Strikes out swinging
|
| Bottom of the 4th over - 0 runs, 0 hits, 0 errors, 0 left on base; West Virginia 3 - Fort Wayne 1 |
| TOP OF THE 5TH |
|
West Virginia Power batting - Pitching for Fort Wayne TinCaps : LHP David Rodriguez
|
|
Batting: RHB Melvin Durland
|
0-0: Ground out 6-3 (Groundball, 6, EV 84.4 MPH)
|
|
Batting: RHB Chris McCoy
|
0-0: Called Strike 0-1: Ball 1-1: Called Strike 1-2: Ball 2-2: Ball 3-2: Ground out 5-3 (Groundball, 56, EV 86.2 MPH)
|
|
Batting: RHB Alain Marquet
|
0-0: Ball 1-0: Called Strike 1-1: Foul Ball, location: 2F 1-2: Ball 2-2: Foul Ball, location: 2F 2-2: Foul Ball, location: 2F 2-2: Ball 3-2: Fly out, F7 (Flyball, 7LM, EV 89.4 MPH)
|
| Top of the 5th over - 0 runs, 0 hits, 0 errors, 0 left on base; West Virginia 3 - Fort Wayne 1 |
| BOTTOM OF THE 5TH |
|
Fort Wayne TinCaps batting - Pitching for West Virginia Power : RHP Fred McIlrath
|
|
Batting: RHB Brian Klinkner
|
0-0: Ground out U3 (Groundball, 34S, EV 81.9 MPH)
|
|
Batting: RHB Ricky Trejo
|
0-0: Foul Ball, location: 2F 0-1: Ball 1-1: Fly out, F8 (Line Drive, 8LD, EV 96.2 MPH)
|
|
Batting: LHB Tony Contreras
|
0-0: Called Strike 0-1: Ball 1-1: Ball 2-1: Foul Ball, location: 2F 2-2: Ground out U3 (Groundball, 34S, EV 93.1 MPH)
|
| Bottom of the 5th over - 0 runs, 0 hits, 0 errors, 0 left on base; West Virginia 3 - Fort Wayne 1 |
| TOP OF THE 6TH |
|
West Virginia Power batting - Pitching for Fort Wayne TinCaps : LHP David Rodriguez
|
|
Batting: RHB Dave Fredericks
|
0-0: Called Strike 0-1: Ball 1-1: Ball 2-1: Ball 3-1: Base on Balls
|
|
Batting: LHB Joe Wise
|
0-0: Called Strike 0-1: SINGLE (Groundball, 56D, EV 98.8 MPH) Dave Fredericks to second
|
|
Pitching: RHP Jaylen Johnson
|
|
|
Batting: RHB Perry Dominey
|
0-0: Swinging Strike 0-1: Foul Ball, location: 2F 0-2: Ball 1-2: Grounds into double play, 4-6-3 (Groundball, 4, EV 83.1 MPH) Dave Fredericks to third
|
|
Batting: LHB Donald Imre
|
0-0: Ball 1-0: Ball 2-0: Called Strike 2-1: Swinging Strike 2-2: Strikes out looking
|
| Top of the 6th over - 0 runs, 1 hit, 0 errors, 1 left on base; West Virginia 3 - Fort Wayne 1 |
| BOTTOM OF THE 6TH |
|
Fort Wayne TinCaps batting - Pitching for West Virginia Power : RHP Fred McIlrath
|
|
Batting: RHB Marcus Dawson
|
0-0: Ball 1-0: Called Strike 1-1: Ball 2-1: Foul Ball, location: 2F 2-2: Reached on error, E4 (Groundball, 4, EV 83.8 MPH)
|
|
Batting: LHB Chad Cutler
|
0-0: Called Strike Marcus Dawson steals 3rd base 0-1: Ball 1-1: Ground out 4-3 (Groundball, 4, EV 104.4 MPH) Marcus Dawson scores
|
|
Batting: RHB Dave Cordero
|
0-0: Ball 1-0: Foul Ball, location: 2F 1-1: Ground out 6-3 (Groundball, 6, EV 86.9 MPH)
|
|
Batting: LHB Sean Trueblood
|
0-0: Ball 1-0: Ball 2-0: Fly out, F9 (Flyball, 9S, EV 91.2 MPH)
|
| Bottom of the 6th over - 1 run, 0 hits, 1 error, 0 left on base; West Virginia 3 - Fort Wayne 2 |
| TOP OF THE 7TH |
|
West Virginia Power batting - Pitching for Fort Wayne TinCaps : RHP Jaylen Johnson
|
|
Batting: RHB John Goynes
|
0-0: Ground out 5-3 (Groundball, 5L, EV 91.9 MPH)
|
|
Batting: LHB Brandon Sarni
|
0-0: Swinging Strike 0-1: Foul Ball, location: 2F 0-2: Foul Ball, location: 2F 0-2: Ball 1-2: Fly out, F9 (Flyball, 89D, EV 93.1 MPH)
|
|
Batting: RHB Melvin Durland
|
0-0: Ball 1-0: Called Strike 1-1: Ball 2-1: Ground out 6-3 (Groundball, 6, EV 96.9 MPH)
|
| Top of the 7th over - 0 runs, 0 hits, 0 errors, 0 left on base; West Virginia 3 - Fort Wayne 2 |
| BOTTOM OF THE 7TH |
|
Fort Wayne TinCaps batting - Pitching for West Virginia Power : RHP Fred McIlrath
|
|
Batting: LHB Justin Alworth
|
0-0: Ball 1-0: Foul Ball, location: 2F 1-1: Ball 2-1: SINGLE (Line Drive, 56D, EV 97.5 MPH)
|
|
Batting: LHB Javy Portela
|
0-0: Ball 1-0: Swinging Strike Pickoff Throw to First - Out! 1-3 CS 1-1: Ball 2-1: Ball 3-1: Swinging Strike 3-2: Strikes out swinging
|
|
Batting: RHB Brian Klinkner
|
0-0: Ball 1-0: Ball 2-0: Swinging Strike 2-1: Foul Ball, location: 2F 2-2: Strikes out looking
|
| Bottom of the 7th over - 0 runs, 1 hit, 0 errors, 0 left on base; West Virginia 3 - Fort Wayne 2 |
| TOP OF THE 8TH |
|
West Virginia Power batting - Pitching for Fort Wayne TinCaps : RHP Jaylen Johnson
|
|
Batting: RHB Chris McCoy
|
0-0: Ball 1-0: Foul Ball, location: 2F 1-1: Foul Ball, location: 2F 1-2: Fly out, F8 (Line Drive, 8LM, EV 94.4 MPH)
|
|
Batting: RHB Alain Marquet
|
0-0: Swinging Strike 0-1: Ball 1-1: Foul Ball, location: 2F 1-2: Ball 2-2: Foul Ball, location: 2F 2-2: Ball 3-2: Base on Balls
|
|
Batting: RHB Dave Fredericks
|
0-0: Called Strike 0-1: Called Strike 0-2: Foul Ball, location: 2F 0-2: Ball 1-2: Foul Ball, location: 2F 1-2: Foul Ball, location: 2F 1-2: Foul Ball, location: 2F 1-2: Ball 2-2: Strikes out swinging
|
|
Batting: LHB Joe Wise
|
0-0: Fly out, F8 (Flyball, 89M, EV 83.8 MPH)
|
| Top of the 8th over - 0 runs, 0 hits, 0 errors, 1 left on base; West Virginia 3 - Fort Wayne 2 |
| BOTTOM OF THE 8TH |
|
Fort Wayne TinCaps batting - Pitching for West Virginia Power : RHP Fred McIlrath
|
|
Now in RF: Tom Tate
|
|
|
Pinch Hitting: SHB Cesar Arteaga
|
0-0: Ground out 4-3 (Groundball, 4, EV 98.1 MPH)
|
|
Batting: LHB Tony Contreras
|
0-0: Ball 1-0: Foul Ball, location: 2F 1-1: Ball 2-1: Foul Ball, location: 2F 2-2: SINGLE (Flyball, 7LS, EV 95.6 MPH)
|
|
Pitching: LHP Grady Hebert
|
|
|
Batting: RHB Marcus Dawson
|
0-0: Called Strike 0-1: Ball 1-1: Foul Ball, location: 2F 1-2: DOUBLE (Line Drive, 89D, EV 104.4 MPH) Tony Contreras to third Runner from 3rd tries for Home, SAFE, throw by RF to trailing runner, SAFE at third!
|
|
Batting: LHB Chad Cutler
|
0-0: Swinging Strike 0-1: Ball 1-1: DOUBLE (Flyball, 3D, EV 100.6 MPH) Marcus Dawson scores
|
|
Batting: RHB Dave Cordero
|
0-0: Intentional Walk
|
|
Batting: LHB Sean Trueblood
|
0-0: Ball 1-0: Ball 2-0: Fielders Choice at 2nd, 1-6 (Groundball, 13S, EV 63.1 MPH) Chad Cutler to third
|
|
Batting: LHB Justin Alworth
|
0-0: Ball 1-0: Foul Ball, location: 2F 1-1: Foul Ball, location: 2F 1-2: Foul Ball, location: 2F 1-2: Strikes out looking
|
| Bottom of the 8th over - 2 runs, 3 hits, 0 errors, 2 left on base; West Virginia 3 - Fort Wayne 4 |
| TOP OF THE 9TH |
|
West Virginia Power batting - Pitching for Fort Wayne TinCaps : RHP Jaylen Johnson
|
|
Pitching: RHP Jose Ramos
|
|
|
Now at 1B: Dustin Hartman
|
|
|
Now at 2B: Cesar Arteaga
|
|
|
Now at 3B: Marcus Dawson
|
|
|
Now at SS: Detlef Oursler
|
|
|
Batting: RHB Perry Dominey
|
0-0: Ball 1-0: Ball 2-0: Ball 3-0: Foul Ball, location: 2F 3-1: Called Strike 3-2: Foul Ball, location: 2F 3-2: Foul Ball, location: 2F 3-2: SINGLE (Groundball, 6MD, EV 104.4 MPH)
|
|
Batting: LHB Donald Imre
|
0-0: Ball 1-0: Sac Bunt to 13 - play at first, batter OUT! 1-3 Perry Dominey to second
|
|
Pinch Hitting: LHB Randy Boone
|
0-0: Called Strike 0-1: Called Strike 0-2: Fly out, F8 (Flyball, 8LD, EV 98.8 MPH) Runner from 2nd tags up, SAFE at 3rd with throw by CF
|
|
Pitching: LHP David Hoch
|
|
|
Pinch Hitting: RHB Rick Pittman
|
0-0: Swinging Strike 0-1: Swinging Strike 0-2: Foul Ball, location: 2F 0-2: Strikes out swinging
|
| Top of the 9th over - 0 runs, 1 hit, 0 errors, 1 left on base; West Virginia 3 - Fort Wayne 4 |
|